 Dungeon Crawl Stone Soup version 0.23-a0-577-g2b1de94 (webtiles) character file.

24843 gruber the Martial Artist (level 13, -11/118 HPs)
             Began as a Gnoll Transmuter on Dec 15, 2018.
             Was a High Priest of Okawaru.
             Mangled by a hornet (13 damage)
             ... on level 5 of the Lair of Beasts.
             The game lasted 00:36:18 (14699 turns).

gruber the Martial Artist (Gnoll Transmuter)       Turns: 14699, Time: 00:36:19

Health: -11/118    AC:  7    Str: 13    XL:     13   Next: 15%
Magic:  0/26       EV: 15    Int: 20    God:    Okawaru [*****.]
Gold:   660        SH:  0    Dex: 14    Spells: 9/30 levels left

rFire    x . .     SeeInvis .     - Unarmed
rCold    + + +     Gourm    .   (shield currently unavailable)
rNeg     . . .     Faith    .   (armour currently unavailable)
rPois    +         Spirit   +   (helmet currently unavailable)
rElec    .         Reflect  .   (cloak currently unavailable)
rCorr    .         Harm     .   (gloves currently unavailable)
MR       .....                  (boots currently unavailable)
Stlth    +++++.....             q - amulet of guardian spirit
HPRegen  0.29/turn              H - ring of Oleel {+Blink +Fly rPois Dex-4 Stlth+}
MPRegen  0.20/turn              B - +2 ring of dexterity

@: ice-form, very slightly contaminated, slowed, very slow
A: large, distributed training, strong nose
a: End Transformation, Heroism, Finesse, Renounce Religion, Evoke Blink, Evoke
Flight


You were on level 5 of the Lair of Beasts.
You worshipped Okawaru.
Okawaru was extremely pleased with you.
You were very hungry.
You were a creature of crystalline ice.
You visited 3 branches of the dungeon, and saw 16 of its levels.

You collected 938 gold pieces.
You spent 278 gold pieces at shops.

Inventory:

Hand Weapons
 w - the +6 rapier of Raloxeax (melded) {freeze, +Inv rElec rPois Stlth+}
   (You found it on level 5 of the Lair of Beasts)

   It has been specially enchanted to freeze those struck by it, causing extra
   injury to most foes and up to half again as much damage against particularly
   susceptible opponents.
   It can also slow down cold-blooded creatures.
   It insulates you from electricity.
   It protects you from poison.
   It lets you turn invisible.
   It makes you more stealthy.
 L - a +0 blowgun
Missiles
 a - 123 arrows
 g - 395 stones (quivered)
 E - 10 javelins
 M - 26 poisoned needles
Armour
 y - a +0 pair of gloves of archery (melded)
 D - a scarf of spirit shield (melded)
 F - the +5 helmet "Nemiullut" (melded) {rF- Regen+ rCorr Str+7}
   (You found it on level 6 of the Dungeon)

   It affects your strength (+7).
   It makes you vulnerable to fire.
   It increases your rate of regeneration.
   It provides partial protection from all sources of acid and corrosion.
 J - a +2 robe of fire resistance (melded)
 R - +0 ice dragon scales
 W - a +1 pair of boots (melded)
 Y - a +2 buckler of fire resistance (melded)
Jewellery
 q - an amulet of guardian spirit (around neck)
 v - an uncursed ring of positive energy
 B - a +2 ring of dexterity (right front paw)
 H - the ring of Oleel (left front paw) {+Blink +Fly rPois Dex-4 Stlth+}
   (You bought it in a shop on level 6 of the Dungeon)

   [ring of stealth]

   It affects your dexterity (-4).
   It protects you from poison.
   It lets you fly.
   It lets you blink.
   It makes you more stealthy.
 S - an uncursed ring of magical power
 U - an uncursed ring of see invisible
Wands
 b - a wand of paralysis (3)
 r - a wand of random effects (35)
 A - a wand of disintegration (13)
 G - a wand of acid (3)
 K - a wand of flame (16)
Scrolls
 e - a scroll of noise
 i - 3 scrolls of immolation {unknown}
 j - 4 scrolls of magic mapping {unknown}
 k - 4 scrolls of blinking {unknown}
 l - 9 scrolls of remove curse
 m - 3 scrolls of fog {unknown}
 o - 3 scrolls of enchant armour {unknown}
 s - 4 scrolls of torment {unknown}
 u - 3 scrolls of enchant weapon {unknown}
 C - 6 scrolls of teleportation
 I - a scroll of fear {unknown}
 N - 7 scrolls of identify
 P - a scroll of amnesia {unknown}
 X - a scroll of summoning {unknown}
Potions
 c - 7 potions of heal wounds
 f - a potion of cancellation {unknown}
 h - 7 potions of curing
 n - 4 potions of magic {unknown}
 p - a potion of experience {unknown}
 t - 6 potions of brilliance {unknown}
 x - 2 potions of haste {unknown}
 z - 2 potions of mutation {unknown}
 O - 2 potions of agility {unknown}
 Q - 4 potions of invisibility {unknown}
 T - a potion of lignification {unknown}
 V - a potion of ambrosia {unknown}
Comestibles
 d - 30 rations


   Skills:
 + Level 8.3 Fighting
 + Level 7.9 Short Blades
 + Level 7.9 Long Blades
 + Level 7.9 Axes
 + Level 7.9 Maces & Flails
 + Level 7.9 Polearms
 + Level 7.9 Staves
 + Level 7.9 Slings
 + Level 7.9 Bows
 + Level 7.9 Crossbows
 + Level 7.9 Throwing
 + Level 7.9 Armour
 + Level 9.2 Dodging
 + Level 7.9 Stealth
 + Level 7.9 Shields
 + Level 10.2 Unarmed Combat
 + Level 9.4 Spellcasting
 + Level 6.5 Conjurations
 + Level 6.5 Hexes
 + Level 6.5 Charms
 + Level 6.5 Summonings
 + Level 6.5 Necromancy
 + Level 6.5 Translocations
 + Level 7.6 Transmutations
 + Level 6.5 Fire Magic
 + Level 6.5 Ice Magic
 + Level 6.5 Air Magic
 + Level 6.5 Earth Magic
 + Level 6.5 Poison Magic
 + Level 8.6 Invocations
 + Level 7.9 Evocations


You had 9 spell levels left.
You knew the following spells:

 Your Spells              Type           Power        Failure   Level  Hunger
a - Beastly Appendage     Tmut           #####.       1%          1    None
b - Sticks to Snakes      Tmut           #####...     1%          2    None
c - Spider Form           Tmut/Pois      #####.....   1%          3    None
d - Ice Form              Ice/Tmut       #####...     4%          4    ###....
e - Blade Hands           Tmut           #####.....   9%          5    #####..
f - Blink                 Tloc           N/A          1%          2    None
g - Summon Ice Beast      Ice/Summ       #####...     4%          4    ###....

Your spell library contained the following spells:

 Spells                   Type           Power        Failure   Level  Hunger
 Confusing Touch          Hex            #####.       1%          1    None
 Freeze                   Ice            ####         1%          1    None
 Magic Dart               Conj           ####         1%          1    None
 Call Imp                 Summ           #####...     1%          2    None
 Slow                     Hex            #####...     1%          2    None
 Throw Frost              Conj/Ice       #####.       1%          2    None
 Confuse                  Hex            #####...     1%          3    None
 Conjure Flame            Conj/Fire      #####...     1%          3    None
 Gell's Gravitas          Tloc           #####.....   1%          3    None
 Mephitic Cloud           Conj/Pois/Air  #####...     1%          3    None
 Ozocubu's Armour         Chrm/Ice       #####...     1%          3    None
 Petrify                  Tmut/Erth      #####...     4%          4    ###....
 Throw Icicle             Conj/Ice       #####...     4%          4    ###....
 Yara's Violent Unravell  Hex/Tmut       #####.....   11%         5    #####..
 Metabolic Englaciation   Hex/Ice        #####.....   14%         5    #####..


Dungeon Overview and Level Annotations

Branches:
Dungeon (9/15)             Temple (1/1) D:7            Lair (6/6) D:8
 Shoals (0/4) Lair:4        Snake (0/4) Lair:2        Slime (0/5) Lair:5
    Orc: D:9-12

Altars:
Ashenzari
Cheibriados
Dithmenos
Elyvilon
Fedhas
Gozag
Hepliaklqana
Kikubaaqudgha
Makhleb
Nemelex Xobeh
Okawaru
Qazlal
Ru
Sif Muna
Trog
Uskayaw
Vehumet
Wu Jian
Xom
Yredelemnul
Zin
The Shining One

Shops:
D:6 ?=**:

Annotations:
D:9 1 runed door, Amnesiac's ghost, novice OpTm


Innate Abilities, Weirdness & Mutations

Your experience applies equally to all skills.
((You have very sharp teeth.))
Your uncanny sense of smell can sniff out nearby items.


Message History

* * * LOW HITPOINT WARNING * * *
The hornet misses you.
Unknown command.
Unknown command.
You barely miss the hornet. The hornet barely misses you.
You closely miss the hornet. The hornet misses you.
You pummel the hornet!! You freeze the hornet.
The hornet is severely wounded.
The hornet barely misses you.
The hornet stings you but does no damage.
You barely miss the hornet.
The hornet is severely wounded.
The hornet stings you!
* * * LOW HITPOINT WARNING * * *
You are poisoned.
You feel yourself slow down.
You feel better. The hornet stings you!
* * * LOW HITPOINT WARNING * * *
The hornet stings you!
You die...

###..........♣...♣♣..........
#.............(....##.......
##.+#..............##.......
#...#..............###..... ##
##.⌠................###..... .#
#....#................#P...P
######...#................###....
........##.......y.......P# ##.##
..⌠....####.....Y........### ###
......## ##.P.............#
⌠...⌠.# #.#.P..........#.#
......## #######..##.#..###
..⌠....### ##....##..##
.........######.........#####
.##.##.....#.##...........P.#####
.....##..............#........#.#
.....####....<........###........


You could see a hornet.

Vanquished Creatures
  A two-headed ogre (D:7)
  Urug (Lair:4)
  A wolf spider (Lair:6)
  11 elephants
  3 black mambas
  12 spiny frogs
  3 rime drakes
  3 komodo dragons
  A troll (D:8)
  3 blink frogs (Lair:4)
  5 hippogriffs
  A dream sheep (Lair:5)
  A spriggan (D:7)
  Sigmund (D:6)
  4 wyverns
  2 humans (D:7)
  25 yaks
  A basilisk (Lair:1)
  3 nagas (Lair:2)
  Duvessa (D:6)
  8 porcupines
  9 water moccasins
  3 sky beasts
  An ice beast (D:5)
  2 orc warriors
  3 phantoms
  3 ogres
  2 wolves (D:8)
  9 crocodiles
  A big kobold (D:7)
  7 bullfrogs
  A gnoll sergeant (D:6)
  Dowan (D:6)
  3 howler monkeys
  An electric eel (D:8)
  2 centaur zombies
  7 crimson imps
  4 bullfrog zombies
  2 centaur skeletons
  8 hounds
  5 jellies
  2 orc priests
  A bullfrog skeleton (D:6)
  3 iguanas
  6 worker ants
  A killer bee zombie (D:7)
  A hound zombie (D:4)
  A hound skeleton (D:5)
  3 worker ant zombies
  Robin (D:3)
  A howler monkey zombie (D:4)
  3 gnolls (D:6)
  18 adders
  3 oozes
  4 adder zombies
  An adder skeleton (D:6)
  A worm (D:2)
  6 leopard geckos
  20 orcs
  7 giant cockroaches
  16 goblins
  14 hobgoblins
  8 jackals
  9 quokkas
  2 ball pythons
  6 bats
  6 frilled lizards
  A giant cockroach zombie (D:4)
  A jackal skeleton (D:6)
  13 kobolds
  A leopard gecko zombie (D:7)
  A quokka skeleton (D:4)
  2 quokka zombies (D:4)
  8 rats
336 creatures vanquished.

Vanquished Creatures (collateral kills)
  3 dream sheep (Lair:5)
  A yak (Lair:1)
  A basilisk (Lair:3)
  A water moccasin (Lair:5)
  A porcupine (Lair:2)
  The ghost of Duffy the Conjurer, an amateur NaFE (D:5)
  2 adders (D:5)
10 creatures vanquished.

Vanquished Creatures (others)
  A bullfrog (Lair:5)
  7 fungi
8 creatures vanquished.

Grand Total: 354 creatures vanquished

Notes
Turn   | Place    | Note
-------+----------+-------------------------------------------
     0 | D:1      | gruber the Gnoll Transmuter began the quest for the Orb.
     0 | D:1      | Reached XP level 1. HP: 17/17 MP: 6/6
    95 | D:1      | Reached XP level 2. HP: 23/23 MP: 5/7
   432 | D:1      | Reached XP level 3. HP: 22/28 MP: 9/9
   459 | D:1      | Reached skill level 5 in Spellcasting
   463 | D:1      | Learned a level 2 spell: Sticks to Snakes
   467 | D:1      | Learned a level 3 spell: Spider Form
  1054 | D:2      | Reached skill level 1 in Short Blades
  1054 | D:2      | Reached skill level 1 in Long Blades
  1054 | D:2      | Reached skill level 1 in Axes
  1054 | D:2      | Reached skill level 1 in Maces & Flails
  1054 | D:2      | Reached skill level 1 in Polearms
  1054 | D:2      | Reached skill level 1 in Staves
  1054 | D:2      | Reached skill level 1 in Slings
  1054 | D:2      | Reached skill level 1 in Bows
  1054 | D:2      | Reached skill level 1 in Crossbows
  1054 | D:2      | Reached skill level 1 in Throwing
  1054 | D:2      | Reached skill level 1 in Armour
  1054 | D:2      | Reached skill level 1 in Stealth
  1054 | D:2      | Reached skill level 1 in Shields
  1054 | D:2      | Reached skill level 1 in Invocations
  1054 | D:2      | Reached skill level 1 in Evocations
  1054 | D:2      | Reached XP level 4. HP: 21/34 MP: 7/11
  1472 | D:2      | Reached skill level 1 in Conjurations
  1472 | D:2      | Reached skill level 1 in Hexes
  1472 | D:2      | Reached skill level 1 in Charms
  1472 | D:2      | Reached skill level 1 in Summonings
  1472 | D:2      | Reached skill level 1 in Necromancy
  1472 | D:2      | Reached skill level 1 in Translocations
  1472 | D:2      | Reached skill level 1 in Fire Magic
  1472 | D:2      | Reached skill level 1 in Ice Magic
  1472 | D:2      | Reached skill level 1 in Air Magic
  1472 | D:2      | Reached skill level 1 in Earth Magic
  1472 | D:2      | Reached skill level 1 in Poison Magic
  1553 | D:2      | Noticed a bullfrog
  1562 | D:2      | Killed a bullfrog
  1562 | D:2      | Reached XP level 5. HP: 41/41 MP: 8/12
  1785 | D:3      | Noticed Robin
  1792 | D:3      | Found a sacrificial altar of Ru.
  1805 | D:3      | Reached XP level 6. HP: 38/47 MP: 11/13
  1811 | D:3      | Killed Robin
  2077 | D:3      | Found an ancient bone altar of Kikubaaqudgha.
  2080 | D:3      | Found a blossoming altar of Fedhas.
  2084 | D:3      | Found a burning altar of Makhleb.
  2220 | D:3      | Reached skill level 5 in Dodging
  2349 | D:3      | Found a faded altar of an unknown god.
  2628 | D:4      | Found a stormy altar of Qazlal.
  2770 | D:4      | Reached XP level 7. HP: 35/52 MP: 11/15
  2864 | D:4      | Reached skill level 7 in Unarmed Combat
  2881 | D:4      | Learned a level 4 spell: Ice Form
  2887 | D:4      | Learned a level 5 spell: Blade Hands
  3240 | D:4      | Found an iron altar of Okawaru.
  3418 | D:4      | Found a shimmering altar of Xom.
  3446 | D:4      | Reached XP level 8. HP: 47/60 MP: 10/16
  3522 | D:4      | Found an ornate altar of the Wu Jian Council.
  3942 | D:5      | Entered Level 5 of the Dungeon
  4366 | D:5      | Found a runed door.
  4564 | D:5      | Noticed Duffy's ghost (amateur NaFE)
  4768 | D:5      | Found a bloodstained altar of Trog.
  5023 | D:6      | Found Jiruk's Book Shop.
  5041 | D:6      | Got a smoking helmet
  5043 | D:6      | Identified the +5 helmet "Nemiullut" {rF- Regen+ rCorr
                  | Str+7} (You found it on level 6 of the Dungeon)
  5140 | D:6      | Noticed Sigmund
  5223 | D:6      | Found Rottaka's General Store.
  5231 | D:6      | Bought a scroll of remove curse for 42 gold pieces
  5246 | D:6      | Reached XP level 9. HP: 39/66 MP: 15/18
  5273 | D:6      | Found Qahebir's Assorted Antiques.
  5284 | D:6      | Bought a transparent turquoise ring for 145 gold pieces
  5300 | D:6      | Identified the ring of Oleel {+Blink +Fly rPois Dex-4
                  | Stlth+} (You bought it in a shop on level 6 of the Dungeon)
  5315 | D:6      | Reached skill level 5 in Transmutations
  5417 | D:6      | Found Jeomofuy's Jewellery Boutique.
  5502 | D:6      | Noticed Duvessa
  5503 | D:6      | Noticed Dowan
  5515 | D:6      | Killed Dowan
  5515 | D:6      | Killed Duvessa
  5819 | D:6      | Found a deep blue altar of Sif Muna.
  5827 | D:6      | Found Ostropnu's Magic Scroll Emporium.
  5864 | D:6      | Bought a scroll of teleportation for 39 gold pieces
  5864 | D:6      | Bought a scroll of identify for 26 gold pieces
  5864 | D:6      | Bought a scroll of identify for 26 gold pieces
  6306 | D:7      | Found a snail-covered altar of Cheibriados.
  6330 | D:7      | Reached skill level 5 in Fighting
  6428 | D:7      | Noticed a two-headed ogre
  6453 | D:7      | Killed a two-headed ogre
  6453 | D:7      | Reached skill level 8 in Unarmed Combat
  6453 | D:7      | Reached skill level 5 in Invocations
  6465 | D:7      | Found an iron altar of Okawaru.
  6496 | D:7      | Reached XP level 10. HP: 48/74 MP: 11/20
  6584 | D:7      | Found a staircase to the Ecumenical Temple.
  6598 | Temple   | Entered the Ecumenical Temple
  7024 | D:7      | Became a worshipper of Warmaster Okawaru
  7542 | D:8      | Reached skill level 5 in Short Blades
  7542 | D:8      | Reached skill level 5 in Long Blades
  7542 | D:8      | Reached skill level 5 in Axes
  7542 | D:8      | Reached skill level 5 in Maces & Flails
  7542 | D:8      | Reached skill level 5 in Polearms
  7542 | D:8      | Reached skill level 5 in Staves
  7542 | D:8      | Reached skill level 5 in Slings
  7542 | D:8      | Reached skill level 5 in Bows
  7542 | D:8      | Reached skill level 5 in Crossbows
  7542 | D:8      | Reached skill level 5 in Throwing
  7542 | D:8      | Reached skill level 5 in Armour
  7542 | D:8      | Reached skill level 5 in Stealth
  7542 | D:8      | Reached skill level 5 in Shields
  7542 | D:8      | Reached skill level 5 in Evocations
  7876 | D:8      | Learned a level 2 spell: Blink
  7881 | D:8      | Learned a level 4 spell: Summon Ice Beast
  7989 | D:8      | Found a staircase to the Lair.
  8183 | D:8      | Reached * piety under Okawaru
  8317 | D:9      | Found a runed door.
  8317 | D:9      | Noticed Amnesiac's ghost (novice OpTm)
  8371 | D:6      | Killed Sigmund
  8442 | D:5      | Killed Duffy's ghost
  8538 | Lair:1   | Entered Level 1 of the Lair of Beasts
  8558 | Lair:1   | Noticed a spiny frog
  8573 | Lair:1   | Killed a spiny frog
  8605 | Lair:1   | Reached ** piety under Okawaru
  8832 | Lair:1   | Reached XP level 11. HP: 61/82 MP: 12/22
  9598 | Lair:2   | Reached skill level 9 in Unarmed Combat
  9617 | Lair:2   | Found a staircase to the Snake Pit.
  9628 | Lair:2   | Reached skill level 5 in Conjurations
  9628 | Lair:2   | Reached skill level 5 in Hexes
  9628 | Lair:2   | Reached skill level 5 in Charms
  9628 | Lair:2   | Reached skill level 5 in Summonings
  9628 | Lair:2   | Reached skill level 5 in Necromancy
  9628 | Lair:2   | Reached skill level 5 in Translocations
  9628 | Lair:2   | Reached skill level 5 in Fire Magic
  9628 | Lair:2   | Reached skill level 5 in Ice Magic
  9628 | Lair:2   | Reached skill level 5 in Air Magic
  9628 | Lair:2   | Reached skill level 5 in Earth Magic
  9628 | Lair:2   | Reached skill level 5 in Poison Magic
  9635 | Lair:2   | Reached *** piety under Okawaru
  9868 | Lair:2   | Received a gift from Okawaru
 10778 | Lair:3   | Reached **** piety under Okawaru
 10807 | Lair:3   | Received a gift from Okawaru
 11381 | Lair:4   | Reached XP level 12. HP: 91/91 MP: 18/24
 11821 | Lair:4   | Reached ***** piety under Okawaru
 11941 | Lair:4   | Received a gift from Okawaru
 12111 | Lair:4   | Noticed Urug
 12142 | Lair:4   | Found a staircase to the Shoals.
 12472 | Lair:4   | Killed Urug
 13183 | Lair:5   | Received a gift from Okawaru
 13280 | Lair:5   | Reached skill level 10 in Unarmed Combat
 13450 | Lair:5   | Got a slimy rapier
 13451 | Lair:5   | Identified the +6 rapier of Raloxeax {freeze, +Inv rElec
                  | rPois Stlth+} (You found it on level 5 of the Lair of
                  | Beasts)
 13746 | Lair:5   | Received a gift from Okawaru
 13916 | Lair:5   | Reached XP level 13. HP: 59/98 MP: 15/26
 14172 | Lair:5   | Found a staircase to the Slime Pits.
 14176 | Lair:5   | Received a gift from Okawaru
 14633 | Lair:6   | Entered Level 6 of the Lair of Beasts
 14698 | Lair:5   | HP: 4/118 [hornet (9)]
 14699 | Lair:5   | Mangled by a hornet

Vault maps used:
D:1:      dpeg_arrival_line_fractal, minmay_octomino_c4
D:3:      grunt_temple_overflow_diamond, nicolae_ru_awakened_eye, first_ration,
          chequers_ecumenical_altar_simple_redux, grunt_ministairs_3, uniq_robin
D:4:      nicolae_overflow_hidden_temple, lemuel_crystal_altar,
          lemuel_crystal_altar, led_xom_imps, serial_undead, serial_undead_f,
          serial_undead_e, serial_undead_c, serial_undead_d,
          palyth_stone_intersect
D:5:      lightli_temple_of_fire, ebering_ghost_sewer_d
D:6:      lemuel_crystal_altar, serial_shops, nicolae_shop_waterfront,
          nicolae_shop_stone, nicolae_shop_behind_doors, shop, shop,
          uniq_sigmund, uniq_duvessa
D:7:      minmay_temple_entry_mini_moons, basic_altar, the_bakery,
          okawaru_humans
D:8:      erik_lair_island, minmay_misc_feat_doors
D:9:      hellmonk_ghost_happy_afterlife, minivault_4
Temple:   minmay_temple_forest_path
Lair:2:   minmay_snake_entry_guardpost_small
Lair:4:   elwin_shoals_entry_rocks, beast_lair_carwin_7, uniq_urug
Lair:5:   nicolae_slime_entry_slimehenge, grunt_forest_small_clearing_treed,
          grunt_megastairs_4
Lair:6:   hangedman_lair_tendril_chambers, gammafunk_ghost_necromancy,
          minivault_23, tgw_fedhas

Skill      XL: |  1  2  3  4  5  6  7  8  9 10 11 12 |
---------------+-------------------------------------+-----
Spellcasting   | 5 6 7 8 9 |  9.4
Short Blades   | 1 2 3 4 5 6 7 |  7.9
Long Blades    | 1 2 3 4 5 6 7 |  7.9
Axes           | 1 2 3 4 5 6 7 |  7.9
Maces & Flails | 1 2 3 4 5 6 7 |  7.9
Polearms       | 1 2 3 4 5 6 7 |  7.9
Staves         | 1 2 3 4 5 6 7 |  7.9
Slings         | 1 2 3 4 5 6 7 |  7.9
Bows           | 1 2 3 4 5 6 7 |  7.9
Crossbows      | 1 2 3 4 5 6 7 |  7.9
Throwing       | 1 2 3 4 5 6 7 |  7.9
Armour         | 1 2 3 4 5 6 7 |  7.9
Stealth        | 1 2 3 4 5 6 7 |  7.9
Shields        | 1 2 3 4 5 6 7 |  7.9
Invocations    | 1 2 3 4 5 6 7 8 |  8.6
Evocations     | 1 2 3 4 5 6 7 |  7.9
Conjurations   | 1 2 3 4 5 6 |  6.5
Hexes          | 1 2 3 4 5 6 |  6.5
Charms         | 1 2 3 4 5 6 |  6.5
Summonings     | 1 2 3 4 5 6 |  6.5
Necromancy     | 1 2 3 4 5 6 |  6.5
Translocations | 1 2 3 4 5 6 |  6.5
Fire Magic     | 1 2 3 4 5 6 |  6.5
Ice Magic      | 1 2 3 4 5 6 |  6.5
Air Magic      | 1 2 3 4 5 6 |  6.5
Earth Magic    | 1 2 3 4 5 6 |  6.5
Poison Magic   | 1 2 3 4 5 6 |  6.5
Fighting       | 3 4 5 6 7 8 |  8.3
Transmutations | 4 5 6 7 |  7.6
Dodging        | 5 6 7 8 9 |  9.2
Unarmed Combat | 7 8 9 10 | 10.2

Action                   |  1- 3 |  4- 6 |  7- 9 | 10-12 | 13-15 || total
-------------------------+-------+-------+-------+-------+-------++-------
Melee: Unarmed           |    91 |   181 |   240 |   567 |    67 ||  1146
       Headbutt          |     5 |       |       |       |       ||     5
       Bite              |     3 |     6 |    17 |    16 |     1 ||    43
       Kick              |     2 |       |       |       |       ||     2
       Punch             |     1 |       |     7 |     4 |     1 ||    13
       Short sword       |       |    14 |    96 |    62 |       ||   172
       Rapier            |       |       |       |     8 |    13 ||    21
       Quarterstaff      |       |       |       |     1 |       ||     1
Throw: Stone             |       |       |     2 |     2 |     6 ||    10
 Cast: Beastly Appendage |    15 |     2 |       |       |       ||    17
       Spider Form       |     1 |    20 |    32 |    40 |     2 ||    95
       Sticks to Snakes  |     1 |       |       |     3 |       ||     4
       Ice Form          |       |       |       |    27 |     2 ||    29
       Summon Ice Beast  |       |       |       |    13 |       ||    13
       Blink             |       |       |       |     1 |       ||     1
Invok: Heroism           |       |       |       |     1 |       ||     1
 Abil: End Transformatio |       |       |     1 |     4 |       ||     5
  Use: Scroll            |       |       |     7 |     1 |       ||     8
       Potion            |       |       |       |       |     1 ||     1
 Stab: Sleeping          |     2 |     7 |    12 |    13 |     1 ||    35
       Distracted        |       |     1 |     1 |     1 |       ||     3
  Eat: Chunk             |       |     6 |     6 |    22 |     2 ||    36
       Ration            |       |     2 |     2 |     2 |       ||     6
Armor: Robe              |    30 |     6 |    12 |    19 |     2 ||    69
       Skin              |       |     8 |     1 |    32 |     9 ||    50
Dodge: Dodged            |    78 |   178 |   231 |   546 |    81 ||  1114
Block: Buckler           |       |       |       |       |     2 ||     2

Table legend:
 A = Non-vault XP
 B = Vault XP
 C = Vault XP percentage of total XP
 D = Non-vault monster count
 E = Vault monster count
 F = Vault count percentage of total count
                 A         B        C        D         E       F
            +---------+---------+-------+---------+---------+-------
      Total |   24866 |   10624 |  29.9 |     265 |      81 |  23.4
            +---------+---------+-------+---------+---------+-------
        D:1 |      46 |       5 |   9.8 |      26 |       3 |  10.3
        D:2 |     234 |       0 |   0.0 |      26 |       0 |   0.0
        D:3 |     150 |      52 |  25.7 |      26 |      14 |  35.0
        D:4 |     401 |     492 |  55.1 |      14 |      17 |  54.8
        D:5 |     753 |     147 |  16.3 |      22 |       4 |  15.4
        D:6 |     717 |     440 |  38.0 |      18 |       3 |  14.3
        D:7 |    1554 |     636 |  29.0 |      23 |       3 |  11.5
        D:8 |     616 |     695 |  53.0 |      20 |       7 |  25.9
     Lair:1 |    4007 |       0 |   0.0 |      20 |       0 |   0.0
     Lair:2 |    3804 |     383 |   9.1 |      16 |       3 |  15.8
     Lair:3 |    2982 |       0 |   0.0 |      16 |       0 |   0.0
     Lair:4 |    3517 |    5310 |  60.2 |      15 |      11 |  42.3
     Lair:5 |    5940 |     965 |  14.0 |      22 |      10 |  31.2
     Lair:6 |     145 |    1499 |  91.2 |       1 |       6 |  85.7
            +---------+---------+-------+---------+---------+-------
